 Dungeon Crawl Stone Soup version 0.31-a0-128-g25add195a6 (webtiles) character file.

Game seed: 18118204253577460733

106 jasper the Caller (level 4, 0/21 HPs)
             Began as a Spriggan Summoner on June 1, 2023.
             Slain by a cerulean imp
             ... wielding a +1 spear
             ... summoned by Natasha
              (4 damage)
             ... on level 3 of the Dungeon.
             The game lasted 00:05:21 (2177 turns).

jasper the Caller (Spriggan Summoner)               Turns: 2177, Time: 00:05:22

Health: 0/21       AC:  3    Str:  4    XL:     4   Next: 55%
Magic:  2/9        EV: 17    Int: 18    God:
Gold:   126        SH:  0    Dex: 15    Spells: 2/8 levels left

rFire   . . .        i - +2 sling (heavy)
rCold   . . .        (no shield)
rNeg    . . .        a - +0 robe
rPois   .            (helmet restricted)
rElec   .            l - +0 cloak
rCorr   .            (gloves unavailable)
SInv    +            (boots unavailable)
Will    .....        (no amulet)
Stlth   ++           (no ring)
HPRegen 0.23/turn    (no ring)
MPRegen 0.11/turn

%: no passive effects
@: very quick
A: very small, no large weapons, unfitting armour, see invisible, speed 3
a: no special abilities


You were on level 3 of the Dungeon.
You visited 1 branch of the dungeon, and saw 3 of its levels.

You collected 126 gold pieces.

Inventory:

Hand Weapons
 c - a +0 dagger
 i - a +2 heavy sling (weapon)
Armour
 a - a +0 robe (worn)
 l - a +0 cloak (worn)
Jewellery
 j - a ring of wizardry
Scrolls
 h - a scroll of immolation {unknown}
 m - a scroll of acquirement {unknown}
Potions
 b - 2 potions of magic
 d - 3 potions of curing
 e - a potion of might
 f - 2 potions of invisibility
 g - a potion of brilliance {unknown}
 k - a potion of haste {unknown}


   Skills:
 - Level 2.6 Dodging
 - Level 3.0 Stealth
 - Level 2.6 Spellcasting
 + Level 5.0 Summonings


You had 2 spell levels left.
You knew the following spells:

 Your Spells              Type           Power      Damage    Failure   Level
a - Summon Small Mammal   Summ           80%        N/A       2%          1
b - Call Imp              Summ           40%        N/A       3%          2
c - Call Canine Familiar  Summ           20%        N/A       6%          3

Your spell library contained the following spells:

 Spells                   Type           Power      Damage    Failure   Level
 Beastly Appendage        Tmut           4%         N/A       17%         1
 Wereblood                Tmut           2%         N/A       26%         2
 Summon Guardian Golem    Hex/Summ       11%        N/A       19%         3
 Spider Form              Tmut/Pois      2%         N/A       45%         3
 Summon Lightning Spire   Summ/Air       11%        N/A       52%         4


Dungeon Overview and Level Annotations

Branches:
Dungeon (3/15)

Altars:
Gozag
Qazlal
Zin

Shops:
D:3 [

Annotations:
D:3 Natasha


Innate Abilities, Weirdness & Mutations

You are very small and have problems with some larger weapons.
You are too small for most types of armour.
You have supernaturally acute eyesight. (SInv)
You cover ground extremely quickly. (Speed+++)


Message History

Natasha claws you.
* * * LOW HITPOINT WARNING * * *
The cerulean imp hits you but does no damage.
You take 5 damage, and have 3/21 hp.
MASSIVE DAMAGE!!
You now have 3/9 mp.
Natasha claws your hound!
Your hound barely misses Natasha.
Fire: i) +2 sling (heavy)
Press: ? - help, Q - select action, (/) - cycle Shift-Dir - straight line, f/p - Natasha
Aim: Natasha (ally target, 50% to hit)
Okay, then.
Your hound bites Natasha.
Your hound misses the cerulean imp.
Your hound barely misses Natasha.
Casting: Call Canine Familiar (quite dangerous; 6% risk of failure)
Confirm with . or Enter, or press ? or * to list all spells.
A tiny devil pulls itself out of the air.
Your hound barely misses Natasha.
The cerulean imp completely misses you.
You now have 2/9 mp.
You swap places.
Natasha mumbles some strange words.
Your cerulean imp misses the cerulean imp.
The cerulean imp shouts!
Your hound completely misses Natasha.
Your cerulean imp misses the cerulean imp.
Natasha barely misses your hound.
Your hound bites Natasha.
Your cerulean imp hits the cerulean imp from afar with a -2 spear.
The cerulean imp misses you. What are your orders? t - Shout!
Orders for allies: a - Attack new target. p - Attack previous target. r - Retreat! s - Stop attacking. g - Guard the area. f - Follow me.
Anything else - Cancel.
Gang up on whom?
Press: ? - help, Dir - move target, f/p - Natasha
Aim: Natasha (lightly wounded, ally target) Attack!
Your hound closely misses Natasha.
Natasha claws your hound.
The cerulean imp hits you from afar with a +1 spear.
You die...

........#.# #...#(.......#
#.....# #.## #...#........#
#.....#.#..###...#........#
#..†........##...#####.####
#...........h....# #.#
#....######.#h...#####.#
..##### #.#..5.#.....#
......#####.##.........#
###.......#5..5.@.>....#
#......).......#.....#
#....................#
#....................#
#.......####.........#
#..†....# #....######
#.......# #....# #.......#
#....# ........# #....#


You could see Natasha (ally target), 2 cerulean imps, a friendly hound
(summoned) and a friendly cerulean imp (summoned).

Vanquished Creatures
  4 adders
  A dart slug (D:2)
  4 endoplasms
  2 giant cockroaches
  4 goblins (D:2)
  4 hobgoblins
  3 jackals
  2 quokkas
  6 ball pythons
  A bat (D:2)
  3 kobolds
  A rat (D:3)
35 creatures vanquished.

Vanquished Creatures (collateral kills)
  An adder (D:3)
  2 ball pythons (D:1)
  A bat (D:1)
  An endoplasm (D:1)
  2 goblins (D:1)
  2 hobgoblins (D:1)
  2 jackals (D:1)
  2 quokkas (D:1)
  A frilled lizard (D:1)
  3 kobolds (D:1)
  2 rats (D:1)
19 creatures vanquished.

Grand Total: 54 creatures vanquished

Notes
Turn   | Place    | Note
-------+----------+-------------------------------------------
     0 | D:1      | jasper the Spriggan Summoner began the quest for the Orb.
     0 | D:1      | Reached XP level 1. HP: 9/9 MP: 5/5
   252 | D:1      | Reached XP level 2. HP: 13/13 MP: 1/6
   255 | D:1      | Learned a level 2 spell: Call Imp
   734 | D:1      | Found a faded altar of an unknown god.
   782 | D:1      | Reached skill level 4 in Summonings
  1068 | D:1      | Reached XP level 3. HP: 16/16 MP: 6/8
  1072 | D:1      | Learned a level 3 spell: Call Canine Familiar
  1877 | D:3      | Reached XP level 4. HP: 21/21 MP: 5/9
  1963 | D:3      | Found Emeppic's Antique Armour Shoppe.
  2014 | D:3      | Reached skill level 5 in Summonings
  2110 | D:3      | Found a glowing silver altar of Zin.
  2113 | D:3      | Found an opulent altar of Gozag.
  2120 | D:3      | Found a stormy altar of Qazlal.
  2158 | D:3      | Noticed Natasha
  2177 | D:3      | Slain by a cerulean imp

Illustrated notes

Levels and vault maps discovered:
D:1:      minmay_arrival_open_corners, layout_basic, basic_ecumenical_altar
D:2:      layout_loops_cross
D:3:      layout_basic, grunt_temple_overflow_diamond, serial_shops,
          nicolae_shop_tiny_waterfront, uniq_natasha

Skill      XL: |  1  2  3  4 |
---------------+-------------+-----
Summonings     | 4 5 |  5.0
Dodging        | |  2.6
Stealth        | |  3.0
Spellcasting   | |  2.6

Action                     |  1- 3 |  4- 6 || total
---------------------------+-------+-------++-------
  Melee: Dagger            |    33 |       ||    33
   Fire: Sling             |    28 |    20 ||    48
   Cast: Summon Small Mamm |    15 |       ||    15
         Call Imp          |    13 |     1 ||    14
         Call Canine Famil |     1 |     2 ||     3
    Use: Scroll            |     6 |       ||     6
   Stab: Sleeping          |     2 |       ||     2
 Armour: Robe              |     3 |     1 ||     4
  Dodge: Dodged            |    56 |     7 ||    63

Table legend: (Time is in decaauts)
 A = Elapsed time spent in this place.
 B = Non-inter-level travel time spent in this place.
 C = Inter-level travel time spent in this place.
 D = Time resting spent in this place.
 E = Time spent auto-exploring this place.
 F = Levels seen in this place.
 G = Mean time per level.
                   A        B        C        D        E       F      G
               +--------+--------+--------+--------+--------+-----+--------+
         Total |   1604 |   1583 |     21 |     65 |   1121 |   3 |  534.7 |
       Dungeon |   1604 |   1583 |     21 |     65 |   1121 |   3 |  534.7 |
               +--------+--------+--------+--------+--------+-----+--------+

Top non-repeatable levels by time:
     D:1: 937 daAuts
     D:2: 406 daAuts
     D:3: 260 daAuts
